 Dungeon Crawl Stone Soup version 0.31-a0-1469-gd420192249 (webtiles) character file.

Game seed: 2079020366988424133

828 BigPumpCobain the Ruffian (level 7, 0/67 HPs)
             Began as a Troll Shapeshifter on Dec 28, 2023.
             Slain by an ogre
             ... wielding a +0 giant club
              (21 damage)
             ... on level 5 of the Dungeon.
             The game lasted 00:04:12 (3184 turns).

BigPumpCobain the Ruffian (Troll Shapeshifter)      Turns: 3184, Time: 00:04:12

Health: 0/67       AC:  4    Str: 25    XL:     7   Next: 65%
Magic:  0/6        EV:  9    Int:  6    God:
Gold:   172        SH:  0    Dex:  9    Spells: 6/6 levels left

rFire   . .          .
                       - Unarmed
rCold   . . .        (no shield)
rNeg    . . .        a - +0 animal skin
rPois   .            (helmet currently unavailable)
rElec   .            (cloak currently unavailable)
rCorr   .            (gloves unavailable)
SInv    .            (boots unavailable)
Will    .....        g - amulet of guardian spirit
Stlth   +            (no ring)
HPRegen 1.11/turn    (no ring)
MPRegen 0.10/turn

%: guardian spirit
@: beast-form
A: beast (slay +2), large, unfitting armour, claws 3, regeneration 1, shaggy fur
1, tough skin 1
a: Begin Untransformation


You were on level 5 of the Dungeon.
You were a hulking beast.
You visited 1 branch of the dungeon, and saw 5 of its levels.

You collected 172 gold pieces.

Inventory:

Missiles
 w - a throwing net
Armour
 a - a +0 animal skin (worn)
Jewellery
 g - an amulet of guardian spirit (around neck)
 z - an amulet of regeneration
Talismans
 c - a beast talisman
 d - a flux talisman
 k - a maw talisman
Scrolls
 l - a scroll of brand weapon
 n - a scroll of blinking {unknown}
 o - 3 scrolls of poison
 q - a scroll of enchant weapon
 r - a scroll of vulnerability {unknown}
 u - 2 scrolls of teleportation {unknown}
 v - a scroll of enchant armour {unknown}
 x - a scroll of noise {unknown}
 y - 2 scrolls of identify
 A - a scroll of fog {unknown}
Potions
 b - 2 potions of lignification
 e - 3 potions of curing {unknown}
 f - a potion of enlightenment {unknown}
 h - a potion of berserk rage {unknown}
 i - 3 potions of brilliance {unknown}
 j - 2 potions of heal wounds
 m - 2 potions of resistance {unknown}
 p - a potion of degeneration {unknown}
 s - a potion of attraction {unknown}
 t - a potion of haste {unknown}


   Skills:
 + Level 3.4 Fighting
 - Level 1.5 Dodging
 * Level 6.8 Unarmed Combat
 + Level 4.9 Shapeshifting


You had 6 spell levels left.
You didn't know any spells.
Your spell library contained the following spells:

 Spells                   Type           Power      Damage    Failure   Level
 Freeze                   Ice            0%         1d3       45%         1
 Frozen Ramparts          Ice            0%         1d1       83%         3
 Hailstorm                Conj/Ice       0%         3d5       83%         3
 Tukima's Dance           Hex            0%         N/A       83%         3
 Passage of Golubria      Tloc           0%         N/A       99%         4
 Yara's Violent Unravell  Hex/Alch       0%         3d3       100%        5


Dungeon Overview and Level Annotations

Branches:
Dungeon (5/15)
 Temple: D:4-7

Altars:
Hepliaklqana
Vehumet
Yredelemnul
Zin

Shops:
D:1 *

Annotations:
D:5 exclusion: statue


Innate Abilities, Weirdness & Mutations

You are a hulking beast.
Your limbs bulge with bestial killing power. (Slay +2)
You are too large for most types of armour.
You have claws for hands.
Your natural rate of healing is unusually fast.
You are covered in fur. (AC +1)
You have tough skin. (AC +1)


Message History

You feel sick. The scorpion barely misses you.
You claw the scorpion!
You kill the scorpion!
You feel sick.
You feel sick.
The ogre hits you with a +0 giant club!!
You see here a +0 mace.
You are too injured to fight recklessly!
You are too injured to fight recklessly!
You are too injured to fight recklessly!
You are too injured to fight recklessly!
You are too injured to fight recklessly!
You are too injured to fight recklessly!
You are too injured to fight recklessly!
You are too injured to fight recklessly!
You are too injured to fight recklessly!
You are too injured to fight recklessly!
You are too injured to fight recklessly!
You are too injured to fight recklessly!
You are too injured to fight recklessly!
You are too injured to fight recklessly!
You are too injured to fight recklessly!
You are too injured to fight recklessly!
You are too injured to fight recklessly!
You barely miss the ogre.
You feel sick. The ogre closely misses you.
You scratch the ogre.
The ogre is lightly wounded.
You feel sick.
You claw the ogre!
The ogre is heavily wounded.
You feel sick. The ogre hits you with a +0 giant club!
* * * LOW HITPOINT WARNING * * *
You closely miss the ogre.
The ogre is heavily wounded.
You feel sick.
You are no longer poisoned.
You claw the ogre!
The ogre is severely wounded.
The ogre hits you with a +0 giant club!!
You die...

.# #.# ..# #.# #
#.# #. #.# .#
#.######.#
..#.......O#######
.#.###..###h...<...
............#######
##.#.#.[###†# #.
#.#).# #.# ##.#####
#....# #.# #.......
#...## #.# #....##.
# #...# #.. ..#
....... .###.#...#
### #.# #..#..
.........# #.#
#..##.


You could see an ogre.

Vanquished Creatures
  2 ogres
  2 scorpions
  2 bombardier beetles
  A hound (D:5)
  A gnoll bouda (D:5)
  2 orc priests (D:4)
  An iguana (D:4)
  4 orc wizards (D:4)
  5 gnolls
  7 adders
  A worm (D:3)
  A dart slug (D:3)
  14 orcs
  5 bats
  9 endoplasms
  3 giant cockroaches
  12 goblins
  6 hobgoblins
  3 jackals (D:3)
  3 quokkas (D:1)
  9 ball pythons
  5 frilled lizards
  5 kobolds (D:1)
  11 rats
114 creatures vanquished.

Notes
Turn   | Place    | Note
-------+----------+-------------------------------------------
     0 | D:1      | BigPumpCobain the Troll Shapeshifter began the quest for
                  | the Orb.
     0 | D:1      | Reached XP level 1. HP: 18/18 MP: 0/0
    31 | D:1      | Reached skill level 1 in Fighting
    54 | D:1      | Reached XP level 2. HP: 24/27 MP: 1/1
   580 | D:1      | Reached XP level 3. HP: 33/33 MP: 2/2
   661 | D:1      | Found Koeroiw's Assorted Antiques.
  1042 | D:2      | Found a faded altar of an unknown god.
  1069 | D:2      | Reached skill level 4 in Unarmed Combat
  1078 | D:2      | Found a hazy altar of Hepliaklqana.
  1140 | D:2      | Reached XP level 4. HP: 41/41 MP: 3/3
  1996 | D:4      | Noticed an ogre
  1999 | D:4      | Killed an ogre
  2000 | D:4      | Reached XP level 5. HP: 17/49 MP: 1/4
  2056 | D:4      | Reached skill level 5 in Unarmed Combat
  2100 | D:4      | Noticed an angel
  2101 | D:4      | Found a glowing silver altar of Zin.
  2137 | D:4      | Reached XP level 6. HP: 59/59 MP: 5/5
  2341 | D:5      | Entered Level 5 of the Dungeon
  2555 | D:4      | Reached skill level 6 in Unarmed Combat
  2559 | D:4      | Reached XP level 7. HP: 38/67 MP: 2/6
  2869 | D:5      | Found a radiant altar of Vehumet.
  3106 | D:5      | Found a basalt altar of Yredelemnul.
  3184 | D:5      | Slain by an ogre

Illustrated notes

Levels and vault maps discovered:
D:1:      dpeg_arrival_ratfight, layout_basic, serial_shops,
          nicolae_shop_peninsula, minmay_three_crescents
D:2:      layout_basic, basic_altar, ebering_ecumenical_altar_rust,
          minmay_ruptured
D:3:      layout_basic
D:4:      layout_loops_ring, zin_angel
D:5:      layout_loops_ring, vehumet_statue, mainiacjoe_overflow_small_starburst

Skill      XL: |  1  2  3  4  5  6 |
---------------+-------------------+-----
Fighting       | 1 2 3 |  3.4
Unarmed Combat | 4 5 6 |  6.8
Shapeshifting  | 4 |  4.9
Dodging        | |  1.5

Action                     |  1- 3 |  4- 6 |  7- 9 || total
---------------------------+-------+-------+-------++-------
  Melee: Unarmed           |    92 |   113 |    41 ||   246
         Punch             |     1 |     3 |     3 ||     7
    Use: Scroll            |     2 |     4 |       ||     6
 Armour: Animal skin       |    77 |    89 |    23 ||   189
  Dodge: Dodged            |    51 |    48 |     6 ||   105

Table legend: (Time is in decaauts)
 A = Elapsed time spent in this place.
 B = Non-inter-level travel time spent in this place.
 C = Inter-level travel time spent in this place.
 D = Time resting spent in this place.
 E = Time spent auto-exploring this place.
 F = Levels seen in this place.
 G = Mean time per level.
                   A        B        C        D        E       F      G
               +--------+--------+--------+--------+--------+-----+--------+
         Total |   3168 |   3094 |     74 |     60 |   2404 |   5 |  633.6 |
       Dungeon |   3168 |   3094 |     74 |     60 |   2404 |   5 |  633.6 |
               +--------+--------+--------+--------+--------+-----+--------+

Top non-repeatable levels by time:
     D:4: 790 daAuts
     D:1: 726 daAuts
     D:3: 686 daAuts
     D:2: 555 daAuts
     D:5: 409 daAuts
